 Dungeon Crawl Stone Soup version 0.17.1-2-g5865329 (webtiles) character file.

121 namelastname112 the Skirmisher (level 5, -1/42 HPs)
             Began as a Formicid Chaos Knight on Jan 18, 2016.
             Succumbed to poison (a potion of poison)
             ... on level 3 of the Dungeon.
             The game lasted 00:04:09 (3003 turns).

namelastname112 the Skirmisher (FoCK)               Turns: 3003, Time: 00:04:09

Health: -1/42      AC:  7    Str: 23    XL:     5   Next: 26%
Magic:  5/5        EV: 11    Int: 13    God:    Xom [.*....]
Gold:   115        SH:  0    Dex:  8    Spells: 0 memorised, 4 levels left

rFire  . . .     SeeInvis +     a - +0 mace (chaos)
rCold  . . .     Clarity  .     b - +2 leather armour
rNeg   . . .     SustAt   .     (no shield)
rPois  .         Gourm    .     (helmet unavailable)
rElec  .         Spirit   .     (no cloak)
rCorr  .         Warding  .     (no gloves)
rMut   .         Stasis   +     (no boots)
MR     .....                    (no amulet)
Stlth  +.........               (no ring)
                                g - ring of teleportation (curse)

@: mighty, lethally poisoned (-1 -> -22), not resistant to hostile enchantments,
very unstealthy
A: permanent stasis, dig shafts and tunnels, four strong arms, antennae 3,
yellow scales 1, clever 1, clumsy 1
a: Dig, Shaft Self, Renounce Religion, Evoke Teleportation


You were on level 3 of the Dungeon.
You worshipped Xom.
You were a plaything of Xom.
You were not hungry.

You visited 1 branch of the dungeon, and saw 3 of its levels.

You collected 115 gold pieces.

Inventory:

Hand Weapons
 a - a +0 mace of chaos (weapon)
Armour
 b - a +2 leather armour (worn)
 l - a +0 shield
 s - a +0 scale mail
Jewellery
 g - a cursed ring of teleportation (left hand)
Scrolls
 e - 2 scrolls of remove curse {unknown}
 h - a scroll of teleportation {unknown}
 k - a scroll of fear {unknown}
 q - a scroll of identify {unknown}
Potions
 m - a potion of haste
Comestibles
 c - 2 bread rations
 i - 3 chunks of flesh
 j - a beef jerky
 o - a meat ration
 r - 3 fruits


   Skills:
 + Level 4.1 Fighting
 * Level 4.0 Maces & Flails
 + Level 3.2 Armour
 + Level 1.9 Dodging


You had 4 spell levels left.
You didn't know any spells.

Dungeon Overview and Level Annotations

Branches:
Dungeon (3/15)

Altars:
Ru


Innate Abilities, Weirdness & Mutations

You are under a permanent stasis effect.
You can dig through walls and to a lower floor.
Your four strong arms can wield two-handed weapons with a shield.
You have a pair of large antennae on your head (SInv).
You are partially covered in yellow scales (AC +2).
Your mind is acute. (Int +2)
You are clumsy. (Dex -2)


Message History

You feel clever.
You feel fantastic!
* * * LOW HITPOINT WARNING * * *
You feel sick.
The kobold hits you with an uncursed dagger of holy wrath.
* * * LOW HITPOINT WARNING * * *
Drink which item? (? for menu, Esc to quit)
It was a potion of poison.
That liquid tasted very nasty...
You are more poisoned.
* * * LOW HITPOINT WARNING * * *
You feel sick.
The kobold hits you with an uncursed dagger of holy wrath.
* * * LOW HITPOINT WARNING * * *
Unknown command.
You hit the kobold. You freeze the kobold.
You kill the kobold!
* * * LOW HITPOINT WARNING * * *
You feel sick.
You die...
Xom laughs nastily!

#........#...#####
#.#####...........
#.# ###....#####
#(# #.....# #(#
##...## #.# ##.##
#(# #.# #)### #.#
#@..# #'# #.#.#
#...# .#.## . .#
.. .. .. .. #..
.##


There were no monsters in sight!

Vanquished Creatures
  An orc wizard (D:3)
  4 adders
  4 worms (D:2)
  8 orcs (D:3)
  A bat (shapeshifter) (D:1)
  3 giant cockroaches
  5 goblins
  4 hobgoblins
  2 jackals (D:3)
  6 kobolds
  2 ball pythons
  8 bats
  A giant newt (D:1)
  9 rats
58 creatures vanquished.

Vanquished Creatures (collateral kills)
  An orc (D:3)
1 creature vanquished.

Grand Total: 59 creatures vanquished

Notes
Turn   | Place    | Note
--------------------------------------------------------------
     0 | D:1      | namelastname112 the Formicid Chaos Knight began the quest for the Orb.
     0 | D:1      | Reached XP level 1. HP: 18/18 MP: 1/1
    44 | D:1      | Reached skill level 1 in Dodging
    88 | D:1      | XOM: harmless Divn miscast
   145 | D:1      | XOM: divination: magic mapping
   183 | D:1      | Reached XP level 2. HP: 21/24 MP: 2/2
   306 | D:1      | XOM: harmless Hex miscast
   673 | D:2      | XOM: divination: detect creatures
   693 | D:2      | Reached XP level 3. HP: 12/29 MP: 3/3
   779 | D:2      | XOM: give mutations
   779 | D:2      | Gained mutation: You are partially covered in yellow scales (AC +2). [Xom's mischief]
   779 | D:2      | Gained mutation: You are clumsy. (Dex -2) [Xom's mischief]
   871 | D:2      | XOM: medium Erth miscast
  1158 | D:2      | Found a sacrificial altar of Ru.
  1489 | D:2      | Reached XP level 4. HP: 18/37 MP: 4/4
  2004 | D:2      | XOM: mild Tloc miscast
  2226 | D:3      | XOM: colour smoke trail
  2256 | D:3      | Reached skill level 4 in Fighting
  2281 | D:3      | XOM: enchant monster (good)
  2533 | D:3      | XOM: mild Pois miscast
  2894 | D:3      | Reached XP level 5. HP: 36/42 MP: 5/5
  2910 | D:3      | HP: 2/42 [orc/dagger (6)]
  3000 | D:3      | Gained mutation: Your mind is acute. (Int +2) [potion of beneficial mutation]
  3002 | D:3      | HP: 1/42 [poison (a potion of poison)]
  3003 | D:3      | Succumbed to poison (a potion of poison)

Action                   |  1- 3 |  4- 6 || total
-------------------------+-------+-------++-------
Melee: Mace              |    97 |   106 ||   203
  Use: Potion            |       |     7 ||     7
 Stab: Paralysed         |     1 |     3 ||     4
       Petrifying        |     1 |       ||     1
  Eat: Chunk             |     1 |     6 ||     7
